 Dungeon Crawl Stone Soup version 0.29-a0-284-gf9362112df (webtiles) character file.

Game seed: 14230516709573064013

21 spaghetti the Skirmisher (level 2, 0/24 HPs)
             Began as a Demonspawn Berserker on Mar 21, 2022.
             Was a Follower of Trog.
             Succumbed to an adder's poison
             ... on level 2 of the Dungeon.
             The game lasted 00:01:39 (826 turns).

spaghetti the Skirmisher (Demonspawn Berserker)      Turns: 826, Time: 00:01:40

Health: 0/24       AC:  2    Str: 17    XL:     2   Next: 65%
Magic:  2/2        EV: 12    Int: 10    God:    Trog [*.....]
Gold:   38         SH:  0    Dex: 12    Spells: 1/1 levels left

rFire   . . .      SeeInvis .     - Unarmed
rCold   . . .      Faith    +   (no shield)
rNeg    . . .      Spirit   .   b - +0 animal skin
rPois   .          Reflect  .   (no helmet)
rElec   .          Harm     .   (no cloak)
rCorr   .          Rampage  .   (no gloves)
Will    .....                   (no boots)
Stlth   +.........              e - amulet of faith {!P}
HPRegen 0.08/turn               (no ring)
MPRegen 0.08/turn               (no ring)

@: lethally poisoned (0 -> -1), on berserk cooldown
A: claws 1, clever 1, screaming 1
a: Renounce Religion, Berserk


You were on level 2 of the Dungeon.
You worshipped Trog.
Trog was aware of your devotion.
You visited 1 branch of the dungeon, and saw 2 of its levels.

You collected 38 gold pieces.


Innate Abilities, Weirdness & Mutations

You have sharp fingernails.
Your mind is acute. (Int +2)
You occasionally shout uncontrollably at your foes.


   Skills:
 - Level 3.6 Fighting
 - Level 2.6 Long Blades
 - Level 1.7 Armour
 - Level 1.7 Dodging
 + Level 1.2 Unarmed Combat


You had one spell level left.
You didn't know any spells.
Your spell library was empty.

Inventory:

Hand Weapons
 a - a +0 falchion {long}
Armour
 b - a +0 animal skin (worn)
Magical Staves
 c - a staff of death {forbidden!astaff}
   (You found it on level 1 of the Dungeon)
Jewellery
 e - an amulet of faith (around neck) {!P}
   (You found it on level 1 of the Dungeon)
Scrolls
 f - 2 scrolls of torment {unknown}

Dungeon Overview and Level Annotations

Branches:
Dungeon (1/15)

Altars:
Vehumet

##..######...†...
#................
###.#######......
####..### #.......
#.......# #.......
#.......# #.......
#.......## #.......
#.S....... ........
#.@.....###........
#########


You could see an adder.


Message History

Unknown command.
An adder is nearby!
An adder is nearby!
The adder hisses angrily.
You completely miss the adder.
The adder closely misses you. x2 😨 HP[+1]
You barely miss the adder. The adder misses you.
You closely miss the adder. The adder bites you.
* * * LOW HITPOINT WARNING * * *
You are poisoned.
The adder poisons you! The adder barely misses you. 😨 HP[-2]
You take 2 damage, and now have 9/24 hp.
It was a potion of mutation.
You feel extremely strange.
You feel agile.
You feel less energetic.
Your thoughts seem clearer.
You feel sick. The adder bites you.
* * * LOW HITPOINT WARNING * * *
The adder bites you.
* * * LOW HITPOINT WARNING * * *
😱 HP[-7] MP[-1]
You take 7 damage, and now have 2/24 hp.
MASSIVE DAMAGE!! (PAUSE) It was a potion of heal wounds.
You feel much better.
You feel sick. The adder barely misses you. The adder bites you.
You are more poisoned.
The adder poisons you! 😕 HP[+18]
You regained 18 hp, and now have 20/24 hp.
You aren't carrying any items that you can evoke.
Blink to where?
Press: ? - help, Dir - move target
As you read the scroll labelled LYELUU SIVU, it crumbles to dust.
It was a scroll of blinking.
You feel sick. 😮 HP[-2]
You take 2 damage, and now have 18/24 hp.
You feel sick. 😮 HP[-2]
You take 2 damage, and now have 16/24 hp.
You feel sick. 😮 HP[-1]
You take 1 damage, and now have 15/24 hp.
You aren't carrying any items that you can evoke.
Okay, then.
Really quaff
h - a potion of mutation {!q}?
Really quaff the potion of mutation?
You feel extremely strange.
You feel clumsy.
Your thinking seems confused.
You feel more energetic.
You feel the urge to shout.
You feel clever.
You feel yourself speed up.
You feel sick.
You are no longer poisoned.
You miss the adder. The adder misses you.
You closely miss the adder. The adder bites you but does no damage.
The adder barely misses you.
You barely miss the adder. The adder bites you but does no damage.
You miss the adder. The adder closely misses you.
You closely miss the adder. The adder barely misses you.
You barely miss the adder. The adder bites you. 😮 HP[-2]
You take 2 damage, and now have 13/24 hp.
You barely miss the adder. The adder closely misses you. The adder bites you.
* * * LOW HITPOINT WARNING * * *
😨 HP[-4]
You take 4 damage, and now have 9/24 hp.
You closely miss the adder. The adder bites you.
* * * LOW HITPOINT WARNING * * *
You are poisoned.
The adder poisons you! 😨 HP[-1]
You take 1 damage, and now have 8/24 hp.
You aren't carrying any potions.
Unknown command.
You are quite poisoned (8 -> 3).
You are unable to berserk.
Your movement speed is average.
Your attack delay is about 0.9.
Your base attributes are Str 17, Int 8, Dex 12.
You scratch the adder but do no damage.
You feel sick. The adder closely misses you. 😱 HP[-2]
You take 2 damage, and now have 6/24 hp.
You closely miss the adder.
You feel sick. The adder barely misses you. The adder bites you.
* * * LOW HITPOINT WARNING * * *
😱 HP[-2]
You take 2 damage, and now have 4/24 hp.
Unknown command.
You are quite poisoned (4 -> 2).
You are unable to berserk.
Your movement speed is average.
Your attack delay is about 0.9.
Your base attributes are Str 17, Int 8, Dex 12.
You aren't carrying any items that you can evoke.
Unknown command.
You aren't carrying any potions.
Unknown command.
You closely miss the adder.
You feel sick. The adder bites you.
* * * LOW HITPOINT WARNING * * *
😱 HP[-3]
You take 3 damage, and now have 1/24 hp.
Unknown command.
Unknown command.
You barely miss the adder.
You die...

Skill      XL: |  1  2 |
---------------+-------+-----
Unarmed Combat | 1 |  1.2
Fighting       | |  3.6
Long Blades    | |  2.6
Armour         | |  1.7
Dodging        | |  1.7

Action                   || total
-------------------------++-------
Melee: Falchion          ||    29
       Unarmed           ||    25
Invok: Berserk           ||     2
  Use: Potion            ||     3
       Scroll            ||     1
 Stab: Sleeping          ||     1
Armor: Animal skin       ||     9
Dodge: Dodged            ||    35

Levels and vault maps discovered:
D:1:      elethiomel_arrival_infinity_welcomes_careful_drivers, layout_basic
D:2:      layout_rooms, chequers_ecumenical_altar_island, basic_altar

Notes
Turn   | Place    | Note
-------+----------+-------------------------------------------
     0 | D:1      | spaghetti the Demonspawn Berserker began the quest for the
                  | Orb.
     0 | D:1      | Reached XP level 1. HP: 18/18 MP: 1/1
     7 | D:1      | magus.rc [v1.9.6]
   577 | D:1      | Gained mutation: You have sharp fingernails. [demonic
                  | ancestry]
   577 | D:1      | Reached XP level 2. HP: 24/24 MP: 2/2
   759 | D:1      | You fall into a shaft and drop 1 floor!
   760 | D:2      | Found a radiant altar of Vehumet.
   777 | D:2      | Reached skill level 1 in Unarmed Combat
   809 | D:2      | Gained mutation: You are agile. (Dex +2) [potion of
                  | mutation]
   809 | D:2      | Gained mutation: Your magical capacity is low. (-10% MP)
                  | [potion of mutation]
   809 | D:2      | Gained mutation: You possess an exceptional clarity of
                  | mind. [potion of mutation]
   809 | D:2      | HP: 3/24 [adder (4)]
   814 | D:2      | Lost mutation: You are agile. (Dex +2) [potion of mutation]
   814 | D:2      | Lost mutation: You possess an exceptional clarity of mind.
                  | [potion of mutation]
   814 | D:2      | Lost mutation: Your magical capacity is low. (-10% MP)
                  | [potion of mutation]
   814 | D:2      | Gained mutation: You occasionally shout uncontrollably at
                  | your foes. [potion of mutation]
   814 | D:2      | Gained mutation: Your mind is acute. (Int +2) [potion of
                  | mutation]
   823 | D:2      | HP: 6/24 [poisoned by an adder]
   825 | D:2      | HP: 1/24 [adder (2)]
   826 | D:2      | Succumbed to an adder's poison

Vanquished Creatures
  An adder (D:2)
  A dart slug (D:1)
  3 endoplasms (D:1)
  A giant cockroach (D:1)
  2 hobgoblins (D:1)
  A bat (D:1)
  A rat (D:1)
10 creatures vanquished.

Table legend:
 A = Non-vault XP
 B = Vault XP
 C = Vault XP percentage of total XP
 D = Non-vault monster count
 E = Vault monster count
 F = Vault count percentage of total count
                 A         B        C        D         E       F
            +---------+---------+-------+---------+---------+-------
      Total |      31 |       0 |   0.0 |      10 |       0 |   0.0
            +---------+---------+-------+---------+---------+-------
        D:1 |      18 |       0 |   0.0 |       9 |       0 |   0.0
        D:2 |      13 |       0 |   0.0 |       1 |       0 |   0.0
            +---------+---------+-------+---------+---------+-------

Illustrated notes

Table legend:
 A = Kills in this place as a percentage of kills in entire the game.
 B = Kills by you in this place as a percentage of kills by you in the entire game.
 C = Kills by friends in this place as a percentage of kills by friends in the entire game.
 D = Other kills in this place as a percentage of other kills in the entire game.
 E = Experience gained in this place as a percentage of experience gained in the entire game.
 F = Experience gained in this place divided by the number of levels of this place that you have seen.
                   A       B       C       D       E      F
               +-------+-------+-------+-------+-------+----------------------
         Total | 100.0 | 100.0 |   N/A |   N/A | 100.0 |  15.5
       Dungeon | 100.0 | 100.0 |   N/A |   N/A | 100.0 |  15.5
               +-------+-------+-------+-------+-------+----------------------

Table legend: (Time is in decaauts)
 A = Elapsed time spent in this place.
 B = Non-inter-level travel time spent in this place.
 C = Inter-level travel time spent in this place.
 D = Time resting spent in this place.
 E = Time spent auto-exploring this place.
 F = Levels seen in this place.
 G = Mean time per level.
                   A        B        C        D        E       F      G
               +--------+--------+--------+--------+--------+-----+--------+
         Total |    849 |    849 |      0 |    251 |    459 |   2 |  424.5 |
       Dungeon |    849 |    849 |      0 |    251 |    459 |   2 |  424.5 |
               +--------+--------+--------+--------+--------+-----+--------+

Top non-repeatable levels by time:
     D:1: 771 daAuts
     D:2: 78 daAuts
